 Dungeon Crawl Stone Soup version 0.24-a0-140-gcaa6c10b7c (webtiles) character file.

Game seed: 7317757933648642260

767 PikkenKukken the Ducker (level 7, -1/48 HPs)
             Began as an Octopode Wanderer on Mar 4, 2019.
             Slain by a centaur (5 damage)
             ... on level 5 of the Dungeon.
             The game lasted 00:12:23 (6578 turns).

PikkenKukken the Ducker (Octopode Wanderer)         Turns: 6578, Time: 00:12:24

Health: -1/48      AC:  1    Str: 18 (19) XL:     7   Next: 82%
Magic:  7/7        EV: 15    Int:  8 (11) God:
Gold:   218        SH:  0    Dex: 12 (14) Spells: 6/6 levels left

rFire    . . .     SeeInvis +   k - +1 spear
rCold    . . .     Gourm    .   (no shield)
rNeg     . . .     Faith    +   (helmet restricted)
rPois    .         Spirit   .   o - amulet of faith
rElec    .         Reflect  .   i - ring of see invisible
rCorr    .         Harm     .   (no ring)
MR       .....                  (no ring)
Stlth    ++++......             (no ring)
HPRegen  0.16/turn              (no ring)
MPRegen  0.10/turn              (no ring)
                                (no ring)
                                (no ring)

@: mighty, lethally poisoned (-1 -> -14)
A: almost no armour, stealthy swim, amphibious, 8 rings, constrict 8, camouflage
1, gelatinous body 1
a: no special abilities


You were on level 5 of the Dungeon.
You were not hungry.

You visited 1 branch of the dungeon, and saw 5 of its levels.

You collected 218 gold pieces.

Inventory:

Hand Weapons
 a - a +2 falchion
 k - a +1 spear (weapon)
Missiles
 n - 67 arrows
Armour
 l - a +1 shield
Jewellery
 i - a ring of see invisible (left tentacle)
 o - an amulet of faith (around mantle)
 t - an uncursed amulet of guardian spirit
Wands
 c - a wand of random effects (11)
Scrolls
 b - a scroll of teleportation
 d - a scroll of fear
 h - 8 scrolls of remove curse
 j - a scroll of identify
 p - a scroll of enchant armour
 r - a scroll of fog
Potions
 g - 3 potions of might
 m - a potion of haste
Comestibles
 f - 10 rations


   Skills:
 + Level 4.1 Fighting
 - Level 2.3 Long Blades
 + Level 3.2 Polearms
 + Level 5.3 Dodging
 - Level 5.1 Stealth
 + Level 3.1 Shields
 - Level 1.1 Evocations


You had 6 spell levels left.
You didn't know any spells.
Your spell library was empty.

Dungeon Overview and Level Annotations

Branches:
Dungeon (5/15)             Temple (0/1) D:5

Altars:
Kikubaaqudgha
Qazlal
The Shining One

Annotations:
D:5 Eustachio


Innate Abilities, Weirdness & Mutations

You cannot wear most types of armour.
You are very stealthy in the water. (Stealth+)
You are amphibious.
You can wear up to eight rings at the same time.
You can use your tentacles to constrict eight enemies at once.
Your skin changes colour to match your surroundings (Stealth+).
Your rubbery body absorbs attacks. (AC +1, EV +1)


Message History

* * * LOW HITPOINT WARNING * * *
You feel sick.
The bat misses you. x2; The quokka closely misses you.
The rat barely misses you. The crimson imp hits you.
* * * LOW HITPOINT WARNING * * *
Unknown command.
You closely miss the crimson imp. Your grab misses the crimson imp.
The crimson imp is moderately wounded.
Your surroundings suddenly seem different.
* * * LOW HITPOINT WARNING * * *
You feel sick.
Found 20 sling bullets.
A centaur comes into view.
The helpless centaur fails to defend itself.
You impale the centaur!! Your squeeze misses the centaur.
The centaur is almost dead.
* * * LOW HITPOINT WARNING * * *
You feel sick. The centaur hits you.
* * * LOW HITPOINT WARNING * * *
The centaur hits you.
You die...

#.###.5@.....
#...rr...##..
##..P.P..# .
##P.>...#
#...PP.#
#.PP.P.#
#######.#.##
#...(##...#
#c@..# #....#
#....#
.......
##....###
######


You could see a centaur.

Vanquished Creatures
  2 phantoms
  A scorpion (D:4)
  A centaur zombie (D:3)
  2 hounds (D:4)
  3 orc wizards
  2 orc priests (D:3)
  4 worker ants (D:4)
  4 adders
  3 gnolls (D:3)
  2 oozes
  An adder zombie (D:2)
  4 worms
  6 dart slugs
  3 leopard geckos
  18 orcs
  7 bats
  3 giant cockroaches
  8 goblins
  7 hobgoblins
  4 jackals
  A ball python (D:3)
  8 frilled lizards
  A jackal skeleton (D:2)
  2 jackal zombies (D:2)
  12 kobolds
  A leopard gecko zombie (D:2)
  A quokka skeleton (D:4)
  7 rats
118 creatures vanquished.

Notes
Turn   | Place    | Note
-------+----------+-------------------------------------------
     0 | D:1      | PikkenKukken the Octopode Wanderer began the quest for the
                  | Orb.
     0 | D:1      | PikkenKukken set off with the following items: a +2
                  | falchion, a scroll of teleportation, a wand of random
                  | effects (15), a +0 dagger, a ration
     0 | D:1      | Reached XP level 1. HP: 14/14 MP: 1/1
   187 | D:1      | Reached XP level 2. HP: 12/19 MP: 2/2
   761 | D:1      | Reached XP level 3. HP: 19/24 MP: 3/3
  1629 | D:2      | Found a faded altar of an unknown god.
  1899 | D:2      | Reached XP level 4. HP: 30/30 MP: 4/4
  2261 | D:2      | Reached skill level 1 in Polearms
  2672 | D:2      | Reached skill level 1 in Shields
  2732 | D:2      | Reached XP level 5. HP: 23/35 MP: 5/5
  3188 | D:3      | Noticed a phantom
  3217 | D:2      | Killed a phantom
  3217 | D:2      | Reached skill level 5 in Stealth
  3217 | D:2      | Reached XP level 6. HP: 8/42 MP: 6/6
  3804 | D:3      | You fall through a shaft!
  4003 | D:3      | Found an ancient bone altar of Kikubaaqudgha.
  4005 | D:3      | Found a stormy altar of Qazlal.
  4925 | D:4      | Reached XP level 7. HP: 39/46 MP: 7/7
  5042 | D:4      | Reached skill level 5 in Dodging
  5929 | D:4      | Found a glowing golden altar of the Shining One.
  6558 | D:5      | Entered Level 5 of the Dungeon
  6558 | D:5      | Found a staircase to the Ecumenical Temple.
  6558 | D:5      | Noticed Eustachio
  6578 | D:5      | Slain by a centaur

Levels and vault maps discovered:
D:1:      lightli_arrival_maybe_door_vault, layout_loops_ring
D:2:      layout_rooms, first_ration, serial_undead, serial_undead_f,
          serial_undead_f, serial_undead_c, serial_undead_e,
          chequers_ecumenical_altar_simple_redux
D:3:      layout_basic, minitemple
D:4:      minmay_chambers_of_threes, layout_basic,
          nicolae_overflow_hidden_temple
D:5:      layout_basic, minmay_temple_entry_overgrown, basic_altar,
          uniq_menkaure, uniq_eustachio

Skill      XL: |  1  2  3  4  5  6  7 |
---------------+----------------------+-----
Dodging        | 3 4 5 |  5.3
Polearms       | 1 2 3 |  3.2
Shields        | 1 2 3 |  3.1
Fighting       | 3 4 |  4.1
Stealth        | 5 |  5.1
Long Blades    | |  2.3
Evocations     | |  1.1

Action                   |  1- 3 |  4- 6 |  7- 9 || total
-------------------------+-------+-------+-------++-------
Melee: Falchion          |    27 |       |       ||    27
       Constrict         |    29 |    36 |    15 ||    80
       Tentacles         |    19 |    36 |    18 ||    73
       Spear             |    80 |   176 |    68 ||   324
Evoke: Wand              |       |       |     4 ||     4
  Use: Scroll            |     4 |     5 |     2 ||    11
       Potion            |       |     1 |     3 ||     4
 Stab: Sleeping          |     8 |    12 |     6 ||    26
       Distracted        |       |       |     1 ||     1
  Eat: Chunk             |     3 |    10 |     5 ||    18
Armor: Skin              |     6 |     2 |     6 ||    14
Dodge: Dodged            |    42 |    90 |    56 ||   188
       Rpst.: Falchion   |     6 |       |       ||     6

Table legend:
 A = Non-vault XP
 B = Vault XP
 C = Vault XP percentage of total XP
 D = Non-vault monster count
 E = Vault monster count
 F = Vault count percentage of total count
                 A         B        C        D         E       F
            +---------+---------+-------+---------+---------+-------
      Total |     914 |     183 |  16.7 |     105 |      13 |  11.0
            +---------+---------+-------+---------+---------+-------
        D:1 |      53 |       0 |   0.0 |      24 |       0 |   0.0
        D:2 |     177 |      10 |   5.3 |      23 |       5 |  17.9
        D:3 |     322 |       0 |   0.0 |      39 |       0 |   0.0
        D:4 |     362 |     173 |  32.3 |      19 |       8 |  29.6
            +---------+---------+-------+---------+---------+-------
